Cogmind - Beta 10 @@@ ROGUE MODE // 2020.09.16 @ 16:06:08 Player: jpka Result: Self-destructed Performance ------------- Evolutions (2) 1000 Regions Visited (5) 1000 Robots Destroyed (46) 230 Value Destroyed (828) 828 Prototype IDs (4) 80 Alien Tech Used (0) 0 Bonus (300) 300 TOTAL SCORE: 3438 Bonus ------- Aligned with FarCom 300 Cogmind --------- Core Integrity 127/550 Matter 257/300 Energy 78/100 System Corruption 0% Temperature Cool (9) Movement Walking (130) Location -8/Materials Parts ------- > --- POWER (1) -------- (None) > --- PROPULSION (2) --- Titanium Leg > --- UTILITY (6) ------ Lightpack 2.0 Modified TNC Targeting Computer Melee Analysis Suite > --- WEAPON (2) ------- (None) > --- INVENTORY (24) --- Light Nuclear Core Flight Unit Experimental Sensor Array Improved Terrain Scan Processor Skeleton Box Peak State ------------ > --- POWER ------------ Nuclear Core > --- PROPULSION ------- Wheel Wheel > --- UTILITY ---------- Lightpack 2.0 Modified TNC Targeting Computer Melee Analysis Suite > --- WEAPON ----------- Autogun Autogun > --- INVENTORY -------- Light Nuclear Core Flight Unit Experimental Sensor Array Improved Terrain Scan Processor Skeleton Box Grenade Launcher Heavy Hammer [Rating: 41] Favorites ----------- Power Light Ion Engine Engine Light Ion Engine Power Core Nuclear Core Propulsion Flight Unit Leg Aluminum Leg Wheel Wheel Flight Unit Flight Unit Utility Targeting Computer Device Improved Terrain Scanner Storage Small Storage Unit Processor Targeting Computer Protection Utility Shielding Weapon Assault Rifle Energy Gun Small Laser Ballistic Gun Assault Rifle Launcher Grenade Launcher Special Weapon Mining Laser Impact Weapon Heavy Hammer Build | -11 -10 -10 -10 -9 -8 ------- Run | Scr Mat Min Exi Min Mat Slots Evolved 4 | . . . . . 4 Power . | . . . . . . Propulsion . | . . . . . . Utility 4 | . . . . . 4 Weapon . | . . . . . . Parts Attached 57 | 7 16 13 3 1 17 Power 5 | 1 2 1 . . 1 Engine 4 | 1 2 1 . . . Core 1 | . . . . . 1 Reactor . | . . . . . . Propulsion 14 | 2 6 2 1 . 3 Treads . | . . . . . . Leg 4 | 2 1 . . . 1 Wheel 2 | . . . . . 2 Hover . | . . . . . . Flight 8 | . 5 2 1 . . Utility 15 | 2 5 4 2 . 2 Device 5 | 1 2 1 1 . . Storage 4 | 1 2 . . . 1 Processor 3 | . . 1 1 . 1 Hackware . | . . . . . . Protection 3 | . 1 2 . . . Artifact . | . . . . . . Weapon 23 | 2 3 6 . 1 11 Energy Gun 7 | . 3 2 . . 2 Energy Cannon . | . . . . . . Ballistic Gun 8 | 2 . 1 . . 5 Ballistic Cannon . | . . . . . . Launcher 3 | . . 1 . . 2 Special Weapon 2 | . . 2 . . . Impact Weapon 3 | . . . . 1 2 Slashing Weapon . | . . . . . . Piercing Weapon . | . . . . . . Special Melee Weapon . | . . . . . . Unidentified Prototypes 4 | . . 1 2 . 1 Parts Lost 11 | . . 1 . . 10 Power 3 | . . 1 . . 2 Propulsion 3 | . . . . . 3 Utility . | . . . . . . Weapon 5 | . . . . . 5 Highest Loss Streak 7 | . . 1 . . 7 Average Slot Usage (%) 92 | . 99 97 100 100 74 Engine 12 | . 14 13 14 14 6 Leg 2 | . 8 . . . . Wheel 1 | . . . . . 3 Flight 20 | . 18 28 28 28 11 Device 5 | . 9 14 9 . . Storage 5 | . 8 . . . 9 Processor 14 | . . 5 18 28 23 Protection 3 | . 9 7 . . . Energy Gun 6 | . 13 10 . . 2 Ballistic Gun 6 | . 14 8 . . 4 Launcher 5 | . . 3 14 14 3 Special Weapon 2 | . . 5 14 5 . Impact Weapon 3 | . . . . 8 5 Naked Turns . | . . . . . . Heaviest Build 18 | 14 16 8 8 9 18 Greatest Support 20 | 20 20 8 8 8 20 Greatest Overweight (x) 5 | . 3 1 . 1 5 Average Overweight (x) . | . . . . . . Largest Inventory Capacity 24 | 6 8 4 4 4 24 Average Capacity 9 | 5 5 4 4 4 24 Most Carried 8 | 3 8 4 4 4 8 Average Carried 4 | 1 4 3 3 4 5 Final Capacity 24 | 6 4 4 4 4 24 Final Carried 5 | 3 4 4 4 4 5 Class Distribution -------------------- 51% | Mutant 24% | Scavenger-Mutant 23% | Hauler-Mutant Dominant Class ---------------- Scavenger-Mutant | -10/Materials Mutant | -10/Mines Mutant | -10/Exiles Mutant | -9/Mines Hauler-Mutant | -8/Materials Resources | -11 -10 -10 -10 -9 -8 ----------- Run | Scr Mat Min Exi Min Mat Matter Collected 1157 | 330 210 205 . 94 318 Remotely . | . . . . . . Salvage Created 1227 | 131 297 360 . 60 379 Parts 91 | 7 33 27 . 2 22 Haulers Intercepted . | . . . . . . Recyclers Shooed 1 | 1 . . . . . Parts Field Recycled . | . . . . . . Retrieved Matter . | . . . . . . Parts Self-Destructed . | . . . . . . Prevented . | . . . . . . Kills | -11 -10 -10 -10 -9 -8 ------- Run | Scr Mat Min Exi Min Mat Combat Hostiles Destroyed 32 | . 12 9 . 2 9 Guns 25 | . 12 6 . . 7 AOE 6 | . . 3 . 2 1 Classes Destroyed 9 | 3 3 1 . . 2 Worker 4 | 1 . 1 . . 2 Builder 1 | . . . . . 1 Tunneler 4 | 2 . 2 . . . Recycler 3 | 1 . 2 . . . Operator 1 | . . . . . 1 Watcher 1 | . 1 . . . . Swarmer 19 | . 9 7 . . 3 Grunt 9 | . 3 . . 2 4 Sentry 4 | . . 2 . . 2 Best Kill Streak 10 | 2 3 4 . 2 10 Combat Bots Only 7 | . 3 3 . 2 7 Max Kills in Single Turn 1 | 1 1 1 . 1 1 Gunslinging . | . . . . . . Exploded 1 | . . 1 . 1 1 Melee . | . . . . . . Uniques/NPCs Destroyed . | . . . . . . Combat | -11 -10 -10 -10 -9 -8 -------- Run | Scr Mat Min Exi Min Mat Damage Taken 1651 | . 212 268 . . 1171 Core 522 | . 35 64 . . 423 Absorbed by Shields . | . . . . . . Core Remaining (%) 80 | 100 . . . 60 . Volleys Fired 92 | 10 20 28 . 5 29 Largest 2 | 2 2 2 . 1 2 Hottest 100 | 40 60 100 . 30 86 Shots Fired 175 | 20 40 55 . 5 55 Gun 162 | 20 40 50 . . 52 Cannon . | . . . . . . Launcher 12 | . . 4 . 5 3 Special 1 | . . 1 . . . Kinetic 107 | 20 20 23 . . 44 Thermal 56 | . 20 28 . . 8 Explosive 12 | . . 4 . 5 3 Electromagnetic . | . . . . . . Robot Hit Streak 20 | 5 15 10 . . 20 Robot Miss Streak 2 | 2 2 2 . . 2 Penetration Max . | . . . . . . Secondary Targets 1 | . . . . . 1 Max Gunslinging Chain 1 | . . . . . 1 Shots Hit Robots 121 | 12 23 35 . . 51 Core Hits 63 | 5 16 20 . 3 19 Critical Hits 1 | . 1 . . . . Critical Kills 1 | . 1 . . . . Critical Parts Destroyed . | . . . . . . Melee Attacks 27 | . . . . 1 26 Impact 27 | . . . . 1 26 Slashing . | . . . . . . Piercing . | . . . . . . Sneak Attacks 3 | . . . . . 3 Combat Hostiles . | . . . . . . Follow-up Attacks . | . . . . . . Damage Inflicted 2320 | 142 284 572 . 179 1143 Guns 1377 | 142 284 383 . . 568 Cannons . | . . . . . . Explosions 524 | . . 189 . 179 156 Melee 419 | . . . . . 419 Ramming . | . . . . . . Kinetic 1057 | 142 215 235 . . 465 Thermal 320 | . 69 148 . . 103 Explosive 524 | . . 189 . 179 156 Electromagnetic . | . . . . . . Impact 419 | . . . . . 419 Slashing . | . . . . . . Piercing . | . . . . . . Highest Corruption . | . . . . . . Average Corruption . | . . . . . . Corruption Purged . | . . . . . . Overload Shots . | . . . . . . Overflow Damage 158 | . . 5 . . 153 Projectiles . | . . . . . . Explosions 10 | . . 5 . . 5 Melee 148 | . . . . . 148 Knockbacks 2 | . . . . . 2 Impact 2 | . . . . . 2 Kinetic . | . . . . . . Secondary . | . . . . . . Self-Inflicted Damage . | . . . . . . Shots . | . . . . . . Rammed . | . . . . . . Targets Rammed . | . . . . . . Kicked . | . . . . . . Crushed . | . . . . . . Highest Temperature 146 | . 48 120 . . 146 Average Temperature 31 | . 16 30 . . 53 Received Heat Transfer 606 | . 30 54 . . 522 Siege Activations . | . . . . . . Robots Corrupted . | . . . . . . Combat Hostiles . | . . . . . . Parts Fried 7 | . . . . . 7 Impact Corruptions 6 | . . . . . 6 Robots Melted . | . . . . . . Combat Hostiles . | . . . . . . Parts Melted . | . . . . . . Heat Transferred 709 | . 150 337 . . 222 Parts Sabotaged . | . . . . . . Parts Stolen . | . . . . . . Parts Stripped . | . . . . . . Power Chain Reactions . | . . . . . . Missiles Intercepted . | . . . . . . Alert | -11 -10 -10 -10 -9 -8 ------- Run | Scr Mat Min Exi Min Mat Peak Influence 333 | 20 241 333 . 50 186 Initial 93 | . 13 93 . . . Average 75 | 9 77 231 . 24 57 Maximum Alert Level 1 | . 1 1 . . . Low Security (%) 86 | 100 85 27 . 100 100 Level 1 13 | . 14 72 . . . Level 2 . | . . . . . . Level 3 . | . . . . . . Level 4 . | . . . . . . Level 5 . | . . . . . . High Security . | . . . . . . Max Security . | . . . . . . Squads Dispatched 7 | . 1 . . . 6 Investigation 1 | . . . . . 1 Extermination . | . . . . . . Reinforcement 4 | . 1 . . . 3 Assault . | . . . . . . Garrison 2 | . . . . . 2 Intercept . | . . . . . . Construction Impeded . | . . . . . . Haulers Reinforced . | . . . . . . Stealth | -11 -10 -10 -10 -9 -8 --------- Run | Scr Mat Min Exi Min Mat Distress Signals 5 | . 2 . . . 3 Communications Jammed . | . . . . . . Distress Signals . | . . . . . . Times Spotted 56 | . 22 12 . 2 20 Peak Tracking Total 12 | . 5 3 . 2 12 Tactical Retreats 5 | . 4 1 . . . Traps | -11 -10 -10 -10 -9 -8 ------- Run | Scr Mat Min Exi Min Mat Traps Triggered . | . . . . . . Indirectly . | . . . . . . Trap Hack Attempts . | . . . . . . Triggered . | . . . . . . Disarmed . | . . . . . . Reprogrammed . | . . . . . . Reused . | . . . . . . Traps Extracted . | . . . . . . Installed . | . . . . . . Triggered . | . . . . . . Machines | -11 -10 -10 -10 -9 -8 ---------- Run | Scr Mat Min Exi Min Mat Machines Disabled . | . . . . . . Max in Single Turn . | . . . . . . Machines Sabotaged . | . . . . . . Garrisons Compromised . | . . . . . . Overloaded Fab Kills . | . . . . . . Fab Network Shutdowns . | . . . . . . Hacking | -11 -10 -10 -10 -9 -8 --------- Run | Scr Mat Min Exi Min Mat Machines Accessed 9 | . 3 . 4 . 2 Terminals 5 | . 3 . . . 2 Fabricators . | . . . . . . Repair Stations . | . . . . . . Recycling Units . | . . . . . . Scanalyzers . | . . . . . . Garrison Access . | . . . . . . Total Hacks 63 | . 8 . 49 . 6 Successful 55 | . 5 . 49 . 1 Failed 8 | . 3 . . . 5 Catastrophic 1 | . 1 . . . . Database Lockouts . | . . . . . . Manual 15 | . 6 . 3 . 6 Terminals 14 | . 8 . . . 6 Fabricators . | . . . . . . Repair Stations . | . . . . . . Recycling Units . | . . . . . . Scanalyzers . | . . . . . . Garrison Access . | . . . . . . Terminal Hacks 50 | . 1 . 49 . . Record 49 | . . . 49 . . Terminal Index 1 | . 1 . . . . Fabricator Hacks . | . . . . . . Repair Station Hacks . | . . . . . . Recycling Unit Hacks . | . . . . . . Scanalyzer . | . . . . . . Garrison Access Hacks . | . . . . . . Unauthorized Hacks 5 | . 4 . . . 1 Terminals 5 | . 4 . . . 1 Botnet 4 | . 3 . . . 1 Operators 1 | . 1 . . . . Fabricators . | . . . . . . Repair Stations . | . . . . . . Recycling Units . | . . . . . . Scanalyzers . | . . . . . . Garrison Access . | . . . . . . Data Cores Recovered . | . . . . . . Used . | . . . . . . Hacking Detections 5 | . 3 . . . 2 Full Trace Events 1 | . . . . . 1 Feedback Events . | . . . . . . Feedback Blocked . | . . . . . . Robot Schematics Acquired . | . . . . . . Robots Built . | . . . . . . Matter . | . . . . . . Time . | . . . . . . Total Robot Build Rating . | . . . . . . Part Schematics Acquired . | . . . . . . Parts Built . | . . . . . . Matter . | . . . . . . Time . | . . . . . . Total Part Build Rating . | . . . . . . Parts Repaired . | . . . . . . Time . | . . . . . . Parts Recycled . | . . . . . . Recycled Matter . | . . . . . . Retrieved Matter . | . . . . . . Retrieved Components . | . . . . . . Parts Scanalyzed . | . . . . . . Part Schematics Acquired . | . . . . . . Parts Damaged . | . . . . . . Bothacking | -11 -10 -10 -10 -9 -8 ------------ Run | Scr Mat Min Exi Min Mat Used RIF Installer . | . . . . . . Robots Hacked . | . . . . . . Non-combat . | . . . . . . Combat . | . . . . . . Robot Hacks Applied . | . . . . . . Relay Couplers Released . | . . . . . . Robots Rewired . | . . . . . . Allies Hacked . | . . . . . . Hacks Repelled . | . . . . . . Allies | -11 -10 -10 -10 -9 -8 -------- Run | Scr Mat Min Exi Min Mat Total Allies . | . . . . . . Largest Group . | . . . . . . Highest-Rated Group . | . . . . . . Highest-Rated Ally . | . . . . . . Total Orders . | . . . . . . Ally Attacks . | . . . . . . Total Damage . | . . . . . . Kills . | . . . . . . Allies Corrupted . | . . . . . . Allies Melted . | . . . . . . Intel | -11 -10 -10 -10 -9 -8 ------- Run | Scr Mat Min Exi Min Mat Robot Analysis Total . | . . . . . . Derelict Logs Recovered . | . . . . . . Drone Launches . | . . . . . . Drone Recoveries . | . . . . . . Exploration | -11 -10 -10 -10 -9 -8 ------------- Run | Scr Mat Min Exi Min Mat Turns Passed 2470 | 159 745 291 173 514 588 Spaces Moved 2194 | 100 382 407 440 595 270 Core 27 | 7 . . . . 20 Treads . | . . . . . . Legs 149 | 93 53 . . . 3 Wheels 77 | . . . . . 77 Hover . | . . . . . . Flight 1941 | . 329 407 440 595 170 Fastest Speed 37 | 50 37 37 37 37 80 Average Speed 61 | 115 50 37 37 71 108 Slowest Speed 300 | 120 290 120 37 117 300 Overloaded Moves . | . . . . . . Propulsion Burnouts . | . . . . . . Robots Hopped 1 | . . 1 . . . Cave-ins Triggered . | . . . . . . Exploration Rate (%) 42 | 5 33 51 62 88 18 Regions Visited 5 Branch Regions 3 Pre-discovered Areas 1 | . . . 1 . . Known Exits Taken . | . . . . . . Unknown Exits Taken 5 | 1 1 1 1 1 . Scrap Searched 2 | . . . . 2 . Spaces Dug 16 | . . . . 1 15 Terrain Destroyed 81 | . . 7 . 40 34 Melee 16 | . . . . 1 15 Projectile . | . . . . . . AOE 65 | . . 7 . 39 19 Terrain Rammed . | . . . . . . Walls Destroyed . | . . . . . . Machines Disabled . | . . . . . . Actions | -11 -10 -10 -10 -9 -8 --------- Run | Scr Mat Min Exi Min Mat Total 3087 | 121 891 487 451 674 463 Wait 661 | . 451 25 . 72 113 Move 2187 | 99 381 404 439 594 270 Hop 1 | . . 1 . . . Pick Up 28 | 5 8 5 3 . 7 Fast Attach 29 | 5 11 7 2 1 3 Attach 10 | 2 . 2 . . 6 Detach 1 | . . . . . 1 Swap 18 | . 5 4 1 . 8 Drop 33 | . 15 11 6 1 . Fire 92 | 10 20 28 . 5 29 Melee 27 | . . . . 1 26 Ram . | . . . . . . Kick . | . . . . . . Crush . | . . . . . . Escape Stasis . | . . . . . . Rewire . | . . . . . . Trap . | . . . . . . Miscellaneous . | . . . . . . Route ------- -11/Scrapyard -10/Materials (discovered 2 exits: [*Mat] / [*Min]) -10/Mines (discovered 2 exits: [*Mat] / *Exi) -10/Exiles -9/Mines -8/Materials History --------- Turn | Location | Event 11 | -11/Scrapyard | Discovered new exit (range 15) 160 | -11/Scrapyard | Entered Materials 306 | -10/Materials | Build established: Mutant 693 | -10/Materials | Build established: Scavenger-Mutant 842 | -10/Materials | Discovered new exit (range 16) 879 | -10/Materials | Discovered new exit (range 14) 905 | -10/Materials | Entered Mines 946 | -10/Mines | Found a damaged Exp. Sensor Array with a note attached 947 | -10/Mines | Found Prototype Device 947 | -10/Mines | Identified Exp. Sensor Array 992 | -10/Mines | Discovered new exit (range 11) 1169 | -10/Mines | Assembled infested the area 1169 | -10/Mines | Deemed a non-threat by the Exiles lab entrance 1169 | -10/Mines | Discovered new exit (range 5) 1174 | -10/Mines | Assisted by a Guerilla fighting off Assembled 1196 | -10/Mines | Entered Exiles 1206 | -10/Exiles | Met 8R-AWN 1213 | -10/Exiles | Met EX-HEX 1224 | -10/Exiles | Met EX-BIN 1295 | -10/Exiles | Aligned with FarCom system 1296 | -10/Exiles | Given EX-Vault access code 1304 | -10/Exiles | Opened EX-Vault 1308 | -10/Exiles | Found Prototype Device 1308 | -10/Exiles | Identified Skeleton Box 1313 | -10/Exiles | Found Prototype Processor 1313 | -10/Exiles | Identified Modified TNC 1319 | -10/Exiles | Found Prototype Storage 1333 | -10/Exiles | Warned to stay clear of 0b10 Research branches 1344 | -10/Exiles | Met EX-DEC 1347 | -10/Exiles | Learned location of Zion (-7) 1365 | -10/Exiles | Discovered new exit (range 14) 1369 | -10/Exiles | Stole three prototypes: Modified TNC, Lightpack 2.0, Skeleton Box 1369 | -10/Exiles | Entered Mines 1421 | -9/Mines | Build established: Mutant 1869 | -9/Mines | Discovered new exit (range 8) 1883 | -9/Mines | Entered Materials 1883 | -8/Materials | Evolved 4 slots: Utility x4 1883 | -8/Materials | Identified Lightpack 2.0 2199 | -8/Materials | Build established: Hauler-Mutant 2282 | -8/Materials | Garrison activated, responded to threat 2352 | -8/Materials | Lost 3 parts (1p1n1w) 2353 | -8/Materials | Destroyed 7 combat bots 2448 | -8/Materials | Core integrity fell below 50% 2471 | -8/Materials | Self-destructed Last Messages --------------- 02432_ U-05 Engineer builds a Wall. 02433_ U-05 Engineer lays Concrete. 02434_ U-05 Engineer builds a Wall. 02435_ Wheel destroyed. 02437_ U-05 Engineer builds a Wall. 02439_ K-01 Serf collects debris. 02439_ U-05 Engineer builds a Wall. 02440_ U-05 Engineer lays Concrete. 02445_ Autogun destroyed. 02446_ Nuclear Core destroyed. 02449_ Hvy. Hammer destroyed. 02453_ O-16 Technician uses terminal to summon reinforcements. 02453_ ALERT: Hostiles spotted, dispatching reinforcements to Terminal M012. 02453_ O-16 Technician locks terminal. 02453_ O-16 Technician cleans trojans from system. 02455_ K-01 Serf cleans the Terminal. 02460_ K-01 Serf collects debris. 02460_ ALERT: Hostiles spotted, dispatching reinforcements to Terminal M007. 02465_ Acquired Titanium Leg. 02471_ Autogun destroyed. Map ----- +----------------------------------------------------+ | *#%* #?????????????????????????????????????? | | # #?????????????????????????????????????? | | # #?????????????????????????????????????? | | ######## #?????????????????????????????????????? | | ???# #?# #?????????????????????????????????????? | | ???###?#a #?????????????????????????????????????? | | ???????# #?????????????????????????????????????? | | ??????## ##????????????????????????????????????? | | ####### #???????? ?a??????????????????????? | | #???????? ?????????????????????? | | +???????# #????????????????????? | | #???????# #????????????????????? | | ### #???????# #????????????????????? | | ??## ##???????# #????????????????????? | | ??### #????????# #????????????????????? | | ???# # ##???????# ##???????????????????? | | ????# # ##???????# ????????????????????? | | ?????# # ##???????# ??g????g?????????????? | | ?????# #% #????????# ?????????g?????????????? | | ?????### ##???????# ##########???????????????? | | ?????## ######### # #???????????????? | | ??????# o # = """#???????????????? | | ??????# T w # """#???????????????? | | ??????# Y gYgg# """#???????????????? | | ??????#= ######T## g/ ! #???????????????? | | ??????# #####????#### #@ """#???????????????? | | ??????# #???????????# # """#???????????????? | | ??????# #???????????# # """#???????????????? | | ??????# #???????????# Y # #???????????????? | | ??????# #???????????# ##########???????????????? | | ??????# #???????????# #????????????????????????? | | ??????# #???????????# #????????????????????????? | | ??????# #???????????# #????????????????????????? | | ??????# #??????????? ????????????????????????? | | ?????? ??????????? ????????????????????????? | | ?????? ??????????? ????????????????????????? | | ?????? ?????????? ????????????????????????? | | ?????? #??????????# #???????????????????????? | | ?????? ???????????#### ????????????????????????? | | ?????? ??????????????? ????????????????????????? | | ?????? ?????????????????????????????????????????? | | ?????? ?????????????????????????????????????????? | | ?????????????????????????????????????????????????? | | ?????????????????????????????????????????????????? | | ?????????????????????????????????????????????????? | | ?????????????????????????????????????????????????? | | ?????????????????????????????????????????????????? | | ?????????????????????????????????????????????????? | | ?????????????????????????????????????????????????? | | ?????????????????????????????????????????????????? | +----------------------------------------------------+ Best States ------------- Heat Dissipation 31 Energy Generation 14 Energy Capacity 250 Matter Stores 300 Matter Capacity 300 Sight Range 16 Robot Scan Range 30 Terrain Scan Range 16 Terrain Scan Density 10 Utility Shielding 33 Evasion (%) 62 Targeting Accuracy 5 Melee Accuracy 5 Item Schematics ----------------- None Robot Schematics ------------------ None Fabricated ------------ Nothing Alien Tech Used ----------------- None Achievements -------------- None Challenges ------------ None Game ------ Seed ThiefHeavyWand Manual? 0 Play Time 01:07:09 Cumulative 52.7 hours Start 2020.09.15 @ 14:13:19 End 2020.09.16 @ 16:06:08 Sessions 5 Manual Loads 0 Difficulty Rogue Special Mode None Game No. 29 Rogue 29 Adventurer 0 Explorer 0 Win Type - Total 0 Types 0/0/0/0/0/0/0/0/0 Lore% 13 Gallery% 20 Achievement% 19 Wizard Run 0 Options --------- ASCII 0 Keyboard 1 Movement Numpad Keybinds 0 Fullscreen 2 Font 12/Crisp Map View 83x54 Tactical HUD 1 Map Filters NONE Filters NONE Steam 1 RUN: 6849f580-667c-44c3-b9f3-2a7498d65dc6